AoeStats
← K

Arena

508695429Analyzed
4v4 RM · 10d ago on Sep 23, 2026· 82m 2s· 8 players
Game mode
Random Map
Map size
Large (8 player)
Population
200
Speed
Normal
Resources
Standard
Victory
Conquest
Starting age
Dark Age
Ending age
Imperial Age
RankedLock teamsTeams togetherTeam positionsShared explorationLock speedFull tech treeHidden civsTurbo modeCheats
Victory
Defeat
🇸🇪 Hindustanis · Sweden
1172
+14
1171
+14
🇦🇪 Persians · United Arab Emirates
1135
+16
🇨🇳 Ethiopians · China
1093
+17
🇬🇧 Turks · United Kingdom
1251
-20
🇨🇳 Franks · China
1129
-15
🇹🇼 Varangians · Taiwan
1109
-15
🇨🇳 Jurchens · China
1021
-11
雨落
10:10 Feudal Age
14:13 Castle Age
12:06 Double-Bit Axe
15:52 Bow Saw
22:46 Wheelbarrow
23:41 Gold Mining
25:18 Gold Shaft Mining
25:10 Hand Cart
29:30 Imperial Age
27:28 Scale Barding Armor
27:21 Stone Mining
28:03 Forging
28:14 Husbandry
28:23 Treadmill Crane
28:55 Masonry
29:07 Ballistics
29:10 Chain Barding Armor
28:55 Loom
28:56 Town Watch
30:26 Iron Casting
30:12 Fortified Wall
29:34 Cavalier
30:51 Plate Barding Armor
31:35 Conscription
32:06 Paladin
35:18 Blast Furnace
36:39 Chivalry
37:16 Architecture
36:43 Murder Holes
36:53 Siege Engineers
37:57 Town Patrol
38:25 Caravan
38:55 Coinage
43:14 Hoardings
44:23 Banking
68:02 Light Cavalry
71:20 Scale Mail Armor
YuangXue
11:26 Feudal Age
13:30 Double-Bit Axe
13:29 Horse Collar
16:06 Castle Age
17:16 Bow Saw
17:09 Heavy Plow
23:04 Wheelbarrow
24:20 Hand Cart
23:58 Gold Mining
25:34 Gold Shaft Mining
24:51 Stone Mining
25:36 Squires
25:23 Gambesons
25:24 Arson
26:36 Scale Mail Armor
26:46 Forging
30:05 Imperial Age
30:49 Iron Casting
30:29 Chain Mail Armor
30:05 Fletching
30:42 Treadmill Crane
31:08 Siege Engineers
31:27 Ballistics
30:51 Elite Fire Lancer
34:15 Thunderclap Bombs
34:06 Fortified Bastions
34:18 Guard Tower
35:29 Chemistry
34:15 Arrowslits
34:40 Fortified Wall
34:26 Murder Holes
34:41 Masonry
34:36 Heavy Rocket Cart
38:11 Keep
39:45 Blast Furnace
47:36 Conscription
48:15 Stone Shaft Mining
49:02 Bodkin Arrow
51:24 Caravan
52:24 Town Watch
55:33 Bracer
Gamer
10:42 Feudal Age
10:55 Loom
14:18 Castle Age
12:24 Horse Collar
12:31 Double-Bit Axe
16:11 Bow Saw
20:28 Heavy Plow
24:36 Wheelbarrow
28:19 Imperial Age
26:15 Gold Mining
26:15 Stone Mining
26:21 Stone Mining
27:00 Hand Cart
27:10 Gambesons
27:26 Squires
27:37 Forging
27:28 Scale Mail Armor
29:04 Iron Casting
30:17 Crop Rotation
29:20 Pikeman
30:19 Chain Mail Armor
30:37 Conscription
31:48 Blast Furnace
30:30 Treadmill Crane
31:18 Elite Varangian Guard
32:55 Halberdier
34:52 Fortified Wall
36:14 Ballistics
36:26 Plate Mail Armor
35:19 Gothikon
36:11 Town Watch
36:01 Capped Ram
37:54 Siege Ram
38:48 Arson
45:54 Bloodlines
45:44 Husbandry
45:55 Light Cavalry
46:30 Fletching
46:46 Scale Barding Armor
46:31 Hussar
47:34 Vendel Legacy
51:29 Chain Barding Armor
51:01 Fletching
51:11 Padded Archer Armor
58:31 Plate Barding Armor
58:41 Siege Engineers
58:50 Masonry
62:07 Elite Skirmisher
67:54 Two-Man Saw
67:14 Bodkin Arrow
67:34 Leather Archer Armor
K
12:03 Feudal Age
16:27 Castle Age
14:40 Double-Bit Axe
14:46 Gold Mining
21:08 Imperial Age
19:09 Padded Archer Armor
22:35 Leather Archer Armor
29:38 Thumb Ring
29:25 Fletching
30:06 Ring Archer Armor
32:01 Loom
34:09 Bodkin Arrow
34:45 Stone Mining
36:18 Wheelbarrow
37:23 Town Watch
37:54 Hand Cart
42:27 Gold Shaft Mining
44:36 Bow Saw
45:00 Bracer
45:18 Artillery
47:43 Conscription
50:22 Husbandry
50:32 Bloodlines
57:20 Bracer
57:58 Bracer
58:05 Scale Barding Armor
58:11 Forging
61:43 Iron Casting
61:28 Chain Barding Armor
69:21 Two-Man Saw
CamelRaider
10:25 Feudal Age
13:56 Castle Age
12:29 Double-Bit Axe
12:35 Horse Collar
13:35 Double-Bit Axe
14:53 Bow Saw
16:28 Wheelbarrow
17:30 Town Watch
17:52 Heavy Plow
19:36 Stone Mining
22:45 Gold Mining
24:01 Hand Cart
26:40 Gold Shaft Mining
30:46 Imperial Age
28:06 Loom
28:22 Town Patrol
28:14 Fletching
29:10 Bodkin Arrow
29:22 Scale Barding Armor
29:28 Forging
29:40 Ballistics
29:16 Murder Holes
30:40 Masonry
31:33 Chain Barding Armor
32:09 Stone Shaft Mining
32:35 Iron Casting
33:03 Two-Man Saw
31:40 Heavy Camel Rider
32:31 Bloodlines
32:22 Husbandry
33:02 Plate Barding Armor
32:49 Conscription
33:14 Hoardings
32:33 Light Cavalry
34:57 Blast Furnace
33:22 Elite War Elephant
34:17 Hussar
35:47 Guilds
36:08 Coinage
35:39 Caravan
36:35 Citadels
37:29 Chemistry
37:00 Architecture
38:25 Banking
38:59 Padded Archer Armor
38:59 Scale Mail Armor
39:01 Kamandaran
47:54 Leather Archer Armor
47:16 Crossbowman
48:27 Thumb Ring
49:05 Ring Archer Armor
48:02 Elite Skirmisher
52:22 Crop Rotation
56:14 Pikeman
57:11 Chain Mail Armor
60:30 Squires
60:16 Arson
60:16 Gambesons
59:52 Man-at-Arms
60:45 Halberdier
64:59 Plate Mail Armor
64:21 Guard Tower
63:53 Long Swordsman
63:55 Cavalier
Si me criticas te fedeo
0:30 Loom
11:32 Feudal Age
13:06 Wheelbarrow
12:12 Horse Collar
12:18 Double-Bit Axe
20:41 Castle Age
21:56 Fletching
22:39 Bodkin Arrow
23:18 Yeomen
23:13 Gold Mining
23:26 Padded Archer Armor
24:59 Gold Shaft Mining
25:12 Leather Archer Armor
25:43 Ballistics
32:11 Imperial Age
32:39 Bow Saw
32:55 Bracer
33:26 Ring Archer Armor
34:32 Chemistry
35:10 Two-Man Saw
36:32 Hand Cart
36:05 Town Watch
37:50 Treadmill Crane
39:37 Murder Holes
39:33 Heated Shot
39:54 Masonry
40:58 Heavy Plow
41:10 Siege Engineers
42:51 Elite Longbowman
44:20 Caravan
44:51 Coinage
46:35 Conscription
57:51 Town Patrol
65:10 Warwolf
81:23 Architecture
mxptlic
10:08 Feudal Age
13:44 Castle Age
11:32 Double-Bit Axe
12:06 Horse Collar
15:49 Bow Saw
17:35 Town Watch
17:42 Loom
20:00 Gold Mining
20:47 Wheelbarrow
22:27 Husbandry
22:53 Scale Barding Armor
24:49 Bloodlines
25:01 Chain Barding Armor
25:40 Forging
26:39 Light Cavalry
28:35 Iron Casting
27:51 Fletching
35:14 Imperial Age
33:07 Padded Archer Armor
33:32 Stone Mining
34:00 Hand Cart
34:30 Leather Archer Armor
35:22 Heavy Camel Rider
36:38 Plate Barding Armor
37:04 Blast Furnace
35:38 Hussar
37:24 Chemistry
38:13 Conscription
38:29 Heavy Plow
37:59 Imperial Camel Rider
39:31 Shatagni
41:39 Ring Archer Armor
47:37 Bodkin Arrow
48:04 Ballistics
48:26 Bracer
58:02 Siege Engineers
61:26 Herbal Medicine
64:02 Murder Holes
64:18 Masonry
73:59 Siege Elephant
75:44 Two-Man Saw
w
11:02 Feudal Age
14:59 Castle Age
13:12 Double-Bit Axe
14:40 Loom
14:40 Horse Collar
22:02 Heavy Plow
24:11 Bow Saw
28:32 Imperial Age
26:26 Fletching
27:37 Wheelbarrow
27:35 Bodkin Arrow
28:05 Town Watch
28:28 Gold Mining
28:10 Crossbowman
30:05 Gold Shaft Mining
29:24 Stone Mining
30:18 Bracer
30:41 Hand Cart
31:52 Stone Shaft Mining
31:50 Padded Archer Armor
32:16 Ballistics
33:01 Leather Archer Armor
33:06 Thumb Ring
33:18 Scale Mail Armor
33:30 Forging
35:16 Chemistry
34:54 Ring Archer Armor
34:45 Chain Mail Armor
35:04 Fortified Wall
35:55 Iron Casting
35:43 Conscription
35:27 Arbalester
37:33 Halberdier
41:27 Plate Mail Armor
48:50 Blast Furnace
54:49 Squires
60:03 Capped Ram
63:21 Arson
64:42 Conscription
69:16 Caravan
75:30 Siege Ram
Connection lost

Rejoining the realm…

Still unreachable

The connection could not be restored.

Session expired

The server has moved on; the page needs a fresh start.